 Dungeon Crawl Stone Soup version 0.30-a0-4-ga7cffc901d (webtiles) character file.

Game seed: 16619601401703174621

32 Setbun the Sneak (level 3, -3/21 HPs)
             Began as a Kobold Brigand on Aug 21, 2022.
             Slain by Sigmund
             ... wielding a +0 scythe
              (8 damage)
             ... on level 2 of the Dungeon.
             The game lasted 00:00:51 (1075 turns).

Setbun the Sneak (Kobold Brigand)                   Turns: 1075, Time: 00:00:52

Health: -3/21      AC:  3    Str:  8    XL:     3   Next: 45%
Magic:  3/3        EV: 11    Int: 12    God:
Gold:   50         SH:  0    Dex: 18    Spells: 2/2 levels left

rFire   . . .      SeeInvis .    a - +2 dagger
rCold   . . .      Faith    .    (no shield)
rNeg    . . .      Spirit   .    b - +0 robe
rPois   .          Reflect  .    (no helmet)
rElec   .          Harm     .    c - +0 cloak
rCorr   .          Rampage  .    (no gloves)
Will    .....                    (no boots)
Stlth   ++++......               (no amulet)
HPRegen 0.07/turn                (no ring)
MPRegen 0.08/turn                (no ring)

@: constricted
A: small, no large weapons, nightstalker 3
a: no special abilities


You were on level 2 of the Dungeon.
You visited 1 branch of the dungeon, and saw 2 of its levels.

You collected 50 gold pieces.

Inventory:

Hand Weapons
 a - a +2 dagger (weapon)
Missiles
 d - 9 poisoned darts (quivered)
 e - 3 curare-tipped darts
Armour
 b - a +0 robe (worn)
 c - a +0 cloak (worn)
Scrolls
 f - 2 scrolls of enchant armour {unknown}
 h - 2 scrolls of identify {unknown}
Potions
 g - 2 potions of attraction {unknown}
 i - a potion of berserk rage {unknown}
 j - a potion of degeneration {unknown}


   Skills:
 - Level 2.1 Fighting
 + Level 4.8 Short Blades
 - Level 2.1 Throwing
 - Level 1.2 Dodging
 - Level 5.3 Stealth


You had 2 spell levels left.
You didn't know any spells.
Your spell library contained the following spells:

 Spells                   Type           Power      Damage    Failure   Level
 Ignite Poison            Fire/Tmut/Pois 0%         N/A       69%         3
 Portal Projectile        Hex/Tloc       0%         N/A       69%         3
 Spider Form              Tmut/Pois      0%         N/A       69%         3
 Tukima's Dance           Hex            0%         N/A       69%         3
 Blade Hands              Tmut           0%         N/A       100%        5
 Eringya's Noxious Bog    Tmut/Pois      0%         N/A       100%        6


Dungeon Overview and Level Annotations

Branches:
Dungeon (2/15)

Altars:

Shops:
D:1 [

Annotations:
D:2 Sigmund


Innate Abilities, Weirdness & Mutations

You are small and have problems with some larger weapons.
You are completely attuned to the shadows.


Message History

Sigmund hits you with a +0 scythe. The ball python barely misses you. x2
You are too injured to fight recklessly!
You are too injured to fight recklessly!
You are too injured to fight recklessly!
You are too injured to fight recklessly!
You are too injured to fight recklessly!
You are too injured to fight recklessly!
You are too injured to fight recklessly!
You are too injured to fight recklessly!
You are too injured to fight recklessly!
You are too injured to fight recklessly!
You are too injured to fight recklessly!
You are too injured to fight recklessly!
You are too injured to fight recklessly!
You are too injured to fight recklessly!
You closely miss Sigmund.
Sigmund is moderately wounded.
Sigmund closely misses you. The ball python bites you.
The ball python grabs you. The ball python constricts you.
You closely miss Sigmund.
Sigmund is moderately wounded.
The ball python bites you. The ball python constricts you. Sigmund misses you.
You hit Sigmund.
Sigmund is moderately wounded.
The ball python bites you but does no damage.
The ball python constricts you. Sigmund closely misses you.
You hit Sigmund.
Sigmund is heavily wounded.
The ball python bites you.
* * * LOW HITPOINT WARNING * * *
The ball python constricts you.
* * * LOW HITPOINT WARNING * * *
You hit Sigmund.
Sigmund is heavily wounded.
Sigmund misses you. The ball python barely misses you.
The ball python constricts you.
You hit Sigmund but do no damage. Your punch misses Sigmund.
Sigmund is heavily wounded.
Sigmund hits you with a +0 scythe!
You die...

+......# #......# ....
#....... .... #######^.S....
.... ##........@@..# ..###..
....##..#########..###.......
#......## #..........)
##...##############.........
#...###.......†..........#
##....).##########..##...###
#.###...# ...#####...# #.
#....# .#### #.#..## #.
#...... #.##..#


You could see Sigmund (fast) and a ball python.

Vanquished Creatures
  A dart slug (D:1)
  A bat (D:1)
  2 endoplasms (D:1)
  2 giant cockroaches (D:1)
  4 hobgoblins (D:1)
  A jackal (D:2)
  3 quokkas
  2 ball pythons (D:1)
  4 frilled lizards
  3 goblins
  2 kobolds (D:1)
  4 rats (D:1)
29 creatures vanquished.

Notes
Turn   | Place    | Note
-------+----------+-------------------------------------------
     0 | D:1      | Setbun the Kobold Brigand began the quest for the Orb.
     0 | D:1      | Reached XP level 1. HP: 12/12 MP: 1/1
    36 | D:1      | Got the Precepts of Toxins
   245 | D:1      | Reached XP level 2. HP: 17/17 MP: 2/2
   496 | D:1      | Reached XP level 3. HP: 17/21 MP: 3/3
   628 | D:1      | Found Xellohat's Antique Armour Shoppe.
  1063 | D:2      | Noticed Sigmund
  1075 | D:2      | Slain by Sigmund

Illustrated notes

Levels and vault maps discovered:
D:1:      saegor_arrival_simple_e, layout_rooms, serial_shops,
          nicolae_shop_statue_plus, nicolae_figureground_sparkle
D:2:      layout_rooms, chequers_arboretum, uniq_sigmund

Skill      XL: |  1  2 |
---------------+-------+-----
Short Blades   | 3 4 |  4.8
Fighting       | |  2.1
Throwing       | |  2.1
Dodging        | |  1.2
Stealth        | |  5.3

Action                   || total
-------------------------++-------
Melee: Dagger            ||    66
 Stab: Sleeping          ||    15
Armor: Robe              ||     8
Dodge: Dodged            ||    34

Table legend: (Time is in decaauts)
 A = Elapsed time spent in this place.
 B = Non-inter-level travel time spent in this place.
 C = Inter-level travel time spent in this place.
 D = Time resting spent in this place.
 E = Time spent auto-exploring this place.
 F = Levels seen in this place.
 G = Mean time per level.
                   A        B        C        D        E       F      G
               +--------+--------+--------+--------+--------+-----+--------+
         Total |   1061 |   1026 |     35 |      0 |    871 |   2 |  530.5 |
       Dungeon |   1061 |   1026 |     35 |      0 |    871 |   2 |  530.5 |
               +--------+--------+--------+--------+--------+-----+--------+

Top non-repeatable levels by time:
     D:1: 919 daAuts
     D:2: 141 daAuts
